 Dungeon Crawl Stone Soup version 0.30-a0-557-ge2afbf3030 (webtiles) character file.

Game seed: 11981582487799750883

17061 greasedhog the Fighter (level 12, -1/100 HPs)
             Began as a Barachi Fighter on Dec 27, 2022.
             Was a Priest of Okawaru.
             Succumbed to Erica's bolt of poison
             ... on level 10 of the Dungeon.
             The game lasted 00:18:13 (8862 turns).

greasedhog the Fighter (Barachi Fighter)            Turns: 8862, Time: 00:18:14

Health: -1/100     AC: 17    Str: 21    XL:     12   Next: 44%
Magic:  19/19      EV:  8    Int: 10    God:    Okawaru [***...]
Gold:   804        SH:  5    Dex: 12    Spells: 11/11 levels left

rFire   . . .      SeeInvis .    q - +0 broad axe
rCold   . . .      Faith    .    c - +0 buckler
rNeg    . . .      Spirit   .    o - +0 plate armour
rPois   .          Reflect  .    (no helmet)
rElec   .          Harm     .    l - +0 cloak
rCorr   .          Rampage  .    (no gloves)
Will    .....                    s - +0 pair of boots {Stlth+} Stlth
                                 h - amulet of regeneration
HPRegen 1.16/turn                u - ring of flight
MPRegen 0.16/turn                (no ring)

@: lethally poisoned (-1 -> -5), flying, slowed, very slow
A: amphibious, slowness 1, strong legs 1, +LOS
a: Hop, Renounce Religion, Heroism


You were on level 10 of the Dungeon.
You worshipped Okawaru.
Okawaru was most pleased with you.
You visited 2 branches of the dungeon, and saw 11 of its levels.
You also visited: Sewer and Bailey.

You collected 1062 gold pieces.
You spent 258 gold pieces at shops.

Inventory:

Hand Weapons
 q - a +0 broad axe (weapon)
Missiles
 w - 2 throwing nets
Armour
 c - a +0 buckler (worn)
 l - a +0 cloak (worn)
 o - a +0 plate armour (worn)
 s - a +0 pair of boots of stealth (worn)
Jewellery
 h - an amulet of regeneration (around neck)
 u - a ring of flight (left hand)
 y - an amulet of reflection
Scrolls
 a - 2 scrolls of brand weapon {unknown}
 d - a scroll of silence {unknown}
 g - 3 scrolls of immolation
 i - 5 scrolls of amnesia
 p - a scroll of blinking
 t - 6 scrolls of enchant weapon
 v - a scroll of enchant armour {unknown}
 z - a scroll of magic mapping
 B - a scroll of fear
 C - a scroll of poison {unknown}
 D - 2 scrolls of fog {unknown}
Potions
 b - a potion of ambrosia
 e - 3 potions of attraction
 f - 3 potions of flight
 j - 2 potions of magic
 k - 2 potions of lignification
 m - 2 potions of curing
 n - 2 potions of resistance {unknown}
 x - 3 potions of brilliance {unknown}
 A - a potion of mutation
 E - a potion of cancellation {unknown}


   Skills:
 * Level 11.4 Fighting
 * Level 11.0 Axes
 - Level 10.2 Armour
 * Level 5.9 Dodging
 - Level 5.0 Shields
 * Level 9.5 Invocations


You had 11 spell levels left.
You didn't know any spells.
Your spell library contained the following spells:

 Spells                   Type           Power      Damage    Failure   Level
 Kiss of Death            Conj/Necr      0%         2d5       100%        1
 Magic Dart               Conj           0%         1d3       100%        1
 Poisonous Vapours        Pois/Air       0%         N/A       100%        2
 Portal Projectile        Hex/Tloc       0%         N/A       100%        3
 Leda's Liquefaction      Hex/Erth       0%         N/A       100%        4
 Blade Hands              Tmut           0%         N/A       100%        5
 Eringya's Noxious Bog    Tmut/Pois      0%         N/A       100%        6
 Iron Shot                Conj/Erth      0%         9d1       100%        6
 Death's Door             Necr           0%         N/A       100%        9
 Call Canine Familiar     Summ           Unusable   N/A       N/A         3
 Animate Armour           Summ/Erth      Unusable   N/A       N/A         4
 Summon Forest            Summ/Tloc      Unusable   N/A       N/A         5
 Haunt                    Necr/Summ      Unusable   N/A       N/A         7
 Summon Hydra             Summ           Unusable   N/A       N/A         7

Dungeon Overview and Level Annotations

Branches:
Dungeon (10/15)            Temple (1/1) D:5            Lair (0/5) D:8
  Sewer (visited)          Bailey (visited)
    Orc: D:9-12

Altars:
Ashenzari
Cheibriados
Dithmenos
Fedhas
Gozag
Hepliaklqana
Kikubaaqudgha
Makhleb
Nemelex Xobeh
Okawaru
Qazlal
Ru
Sif Muna
Trog
Uskayaw
Vehumet
Wu Jian
Xom
Yredelemnul
Zin
The Shining One

Shops:
D:7 *?!   D:9 *

Annotations:
D:10 Erica


Innate Abilities, Weirdness & Mutations

You are amphibious.
You cover ground slowly.
You can hop short distances.
You have an extended range of vision and can be seen from far away.


Message History

Something burns you.
You closely miss something.
You feel sick. Something hits you! Something burns you.
You slash something!
You feel sick.
You hear some strange, mumbled words.
You feel yourself slow down.
You barely miss something.
You feel sick. Something hits you but does no damage.
You slash something!
You feel sick. Something hits you. Something burns you.
You miss something.
You feel sick.
You hear some strange, mumbled words.
A lance of force appears from out of thin air!
The lance of force hits you!!
* * * LOW HITPOINT WARNING * * *
You are knocked back by the lance of force.
You slam into the rock wall!
Something tries to affect you, but you resist.
You feel better.
You feel better.
You hear some strange, mumbled words.
A lance of force appears from out of thin air!
You block the lance of force.
Something tries to affect you, but you resist.
You feel like a meek peon again. Something hits you. Something burns you.
You miss something. Something hits you!
* * * LOW HITPOINT WARNING * * *
Something burns you.
* * * LOW HITPOINT WARNING * * *
Something hits you but does no damage.
You closely miss something.
Erica appears from thin air!
Reactivating autopickup.
Erica casts a spell at you. The bolt of poison hits you!!
You are poisoned.
* * * LOW HITPOINT WARNING * * *
You block Erica's attack.
You slash Erica!
Erica is almost dead.
You die...

,**,,,,,,,.*** # ,*,,,,,,,,.Y,*
### ,*,,,,,,,,,..##* ##########..
,*,,,,,,,,,,...##* ##...........
**,,,,,,,,,,*#...####..####..##..
*,,,,,,,,Y.Y####......#.....##...
,,,,,,,......{..........#.......#
,,,,,,,.....#####................
,,,,,,,......yY@@.#######.......#
,,,,,,,.....####### #>......#
,,,,,,,..,,,* #########
,,,,,,,,,,,,* * ,,,,,,,,,,,**
,,,,,,,,,,** *,,,,,***** *******


You could see Erica, a yak and a killer bee.

Vanquished Creatures
  An orc warlord (Bailey)
  Harold (D:9)
  2 two-headed ogres
  Maurice (D:9)
  2 hornets (D:8)
  Prince Ribbit (D:9)
  A troll (D:6)
  A wraith (D:10)
  7 yaks (D:10)
  3 water moccasins
  6 orc warriors
  A sky beast (D:6)
  2 black bears
  3 ogres
  2 centaurs
  2 phantoms
  3 bullfrogs
  Blork the orc (D:5)
  2 gnoll sergeants
  A necrophage (D:4)
  3 scorpions
  19 wights
  3 killer bees
  2 howler monkeys (D:8)
  A crimson imp (D:8)
  5 orc priests
  2 jellies
  3 gnoll boudas
  5 hounds
  An iguana (D:5)
  Jessica (D:2)
  14 orc wizards
  33 gnolls
  7 adders
  2 white imps (D:5)
  2 worms (D:6)
  2 dart slugs
  32 orcs
  5 ball pythons
  6 endoplasms
  A giant cockroach (D:1)
  11 goblins
  8 hobgoblins
  8 jackals
  16 kobolds
  6 quokkas
  5 bats
  4 frilled lizards
  6 rats
256 creatures vanquished.

Vanquished Creatures (others)
  An orc warrior (D:9)
  2 orc wizards
3 creatures vanquished.

Grand Total: 259 creatures vanquished

Notes
Turn   | Place    | Note
-------+----------+-------------------------------------------
     0 | D:1      | greasedhog the Barachi Fighter began the quest for the Orb.
     0 | D:1      | Reached XP level 1. HP: 18/18 MP: 1/1
   158 | D:1      | Reached XP level 2. HP: 23/25 MP: 2/2
   625 | D:2      | Noticed Jessica
   630 | D:2      | Killed Jessica
   631 | D:2      | Reached XP level 3. HP: 28/31 MP: 3/3
   709 | D:2      | Found a faded altar of an unknown god.
   867 | D:2      | Reached XP level 4. HP: 38/38 MP: 4/4
  1488 | D:3      | Reached XP level 5. HP: 33/43 MP: 5/5
  1494 | D:3      | Reached skill level 5 in Armour
  1540 | D:3      | Reached skill level 5 in Fighting
  1684 | D:3      | Reached skill level 1 in Dodging
  2329 | D:4      | Noticed an ogre
  2342 | D:4      | Killed an ogre
  2343 | D:4      | Reached XP level 6. HP: 20/51 MP: 6/6
  2568 | D:4      | Found a bloodstained altar of Trog.
  2659 | D:4      | Found a hazy altar of Hepliaklqana.
  2734 | D:4      | Reached XP level 7. HP: 10/56 MP: 7/7
  2737 | D:4      | Reached skill level 5 in Axes
  3261 | D:5      | Entered Level 5 of the Dungeon
  3261 | D:5      | Found a staircase to the Ecumenical Temple.
  3326 | Temple   | Entered the Ecumenical Temple
  3514 | D:5      | Reached skill level 5 in Shields
  3593 | D:5      | Reached XP level 8. HP: 57/63 MP: 8/8
  3730 | D:5      | Reached skill level 5 in Dodging
  3960 | D:5      | Found a radiant altar of Vehumet.
  3963 | D:5      | Got Vehumet's Volume of Blasts
  3964 | D:5      | Found an ancient bone altar of Kikubaaqudgha.
  3966 | D:5      | Found a shimmering blue altar of Sif Muna.
  4402 | D:6      | Found an opulent altar of Gozag.
  4466 | D:6      | Noticed Blork the orc
  4470 | D:6      | Noticed a troll
  4488 | D:5      | Killed Blork the orc
  4494 | D:6      | Killed a troll
  4495 | D:6      | Reached XP level 9. HP: 53/72 MP: 9/9
  4671 | D:6      | Found a glowing drain.
  4687 | Sewer    | Entered a sewer
  4927 | D:6      | Identified the +8 flail of Death {venom, rN+}
  5209 | D:7      | Found Qosuiniu's Distillery.
  5316 | D:7      | Bought a potion of curing for 30 gold pieces
  5316 | D:7      | Bought a potion of heal wounds for 50 gold pieces
  5316 | D:7      | Bought a potion of heal wounds for 50 gold pieces
  5316 | D:7      | Bought a potion of mutation for 80 gold pieces
  5478 | D:7      | Found Zossem's Assorted Antiques.
  5509 | D:7      | Found Uckoiph's Magic Scroll Boutique.
  5522 | D:7      | Found a sacrificial altar of Ru.
  5672 | D:7      | Bought a scroll of identify for 48 gold pieces
  5812 | D:7      | Found a glowing golden altar of the Shining One.
  5812 | D:7      | Found a broken altar of Ashenzari.
  6070 | D:8      | Reached XP level 10. HP: 63/83 MP: 10/10
  6307 | D:8      | Found an iron altar of Okawaru.
  6372 | D:8      | Became a worshipper of Warmaster Okawaru
  6402 | D:8      | Found a hide-covered altar of Uskayaw.
  6466 | D:8      | Reached skill level 1 in Invocations
  6555 | D:8      | Found a burning altar of Makhleb.
  6734 | D:8      | Found a staircase to the Lair.
  6743 | D:8      | Identified the +5 chain mail of the Hundredfold Deaths
                  | {Will+}
  6805 | D:8      | Found a burning altar of Makhleb.
  7075 | D:9      | Noticed a two-headed ogre
  7091 | D:9      | Killed a two-headed ogre
  7091 | D:9      | Reached * piety under Okawaru
  7092 | D:9      | Reached skill level 10 in Fighting
  7294 | D:9      | Found Akot's Elemental Accessories.
  7309 | D:9      | Noticed Prince Ribbit
  7322 | D:9      | Killed Prince Ribbit
  7459 | D:9      | Noticed Harold
  7460 | D:9      | Noticed Maurice
  7475 | D:9      | Reached skill level 10 in Axes
  7509 | D:10     | Entered Level 10 of the Dungeon
  7585 | D:9      | Killed Harold
  7585 | D:9      | Reached ** piety under Okawaru
  7586 | D:9      | Reached skill level 10 in Armour
  7595 | D:10     | Reached XP level 11. HP: 41/90 MP: 13/13
  7625 | D:9      | Killed Maurice
  7645 | D:10     | Found a flagged portal.
  7654 | Bailey   | Entered a bailey
  7658 | Bailey   | Noticed an orc warlord
  7816 | Bailey   | Found a runed translucent gate.
  7816 | Bailey   | Found a runed translucent gate.
  7816 | Bailey   | Found a runed translucent gate.
  8034 | Bailey   | Killed an orc warlord
  8034 | Bailey   | Reached *** piety under Okawaru
  8143 | Bailey   | Got Poufruts's Vellum of Venomous Black Liturgies
  8152 | Bailey   | Reached XP level 12. HP: 100/100 MP: 14/18
  8359 | D:9      | Found a snail-covered altar of Cheibriados.
  8359 | D:9      | Found an ornate altar of the Wu Jian Council.
  8646 | D:10     | Found a shimmering altar of Xom.
  8738 | D:10     | Noticed a two-headed ogre
  8745 | D:10     | Killed a two-headed ogre
  8815 | D:10     | Noticed Erica
  8861 | D:10     | HP: 1/100 [Erica/bolt of poison (22)]
  8862 | D:10     | Succumbed to Erica's bolt of poison

Illustrated notes

Levels and vault maps discovered:
D:1:      nzn_arrival_depleted_hourglass, layout_basic
D:2:      layout_basic, chequers_ecumenical_altar_simple, uniq_jessica
D:3:      layout_rooms, hangedman_decor_points
D:4:      layout_layer_cave, nicolae_overflow_hidden_temple,
          mainiacjoe_overflow_boulevard
D:5:      minmay_chambers_of_fours, layout_cave_pools,
          grunt_temple_overflow_magic_moments, minmay_temple_entry_mist,
          serial_co_window_serial, co_window_corner_a,
          co_window_of_opportunity_a, co_window_corner_a,
          co_window_of_opportunity_a, co_window_corner_a, co_window_paths_a,
          co_window_corner_a, co_window_broadway_a, co_window_paths_c,
          co_window_2corner, co_window_broadway_b, co_window_paths_c
D:6:      layout_rooms, lemuel_crystal_altar, cheibrodos_sewer_entry_bend,
          uniq_blork_the_orc
D:7:      layout_loops_ring, mainiacjoe_overflow_alcove_4,
          gammafunk_temple_overflow_elements, serial_shops,
          nicolae_shop_window_shopping, nicolae_take_the_stairs,
          nicolae_stop_n_shop_2, abandoned_shop
D:8:      layout_loops_ring, mainiacjoe_overflow_alcove_2,
          makhleb_grotto_becter, kennysheep_okawaru_gauntlet, lair_entry_dummy,
          david_defended_altar_orc
D:9:      layout_basic, amethyst_overflow_temple_binary, nicolae_elemental_shop,
          minivault_26, chequers_serial_rivers_micro_b, uniq_prince_ribbit1,
          uniq_harold, uniq_maurice
D:10:     layout_rooms, marbit_many_paths, amcnicky_altar_gilded,
          enter_bailey_2, uniq_erica
Temple:   nicolae_temple_ecumenical_triangle

Skill      XL: |  1  2  3  4  5  6  7  8  9 10 11 12 |
---------------+-------------------------------------+-----
Fighting       | 4 5 7 9 10 11 | 11.4
Armour         | 4 5 6 8 10 | 10.2
Axes           | 3 4 5 7 9 10 11 | 11.0
Dodging        | 2 4 5 |  5.9
Shields        | 5 |  5.0
Invocations    | 3 9 |  9.5

Action                   |  1- 3 |  4- 6 |  7- 9 | 10-12 || total
-------------------------+-------+-------+-------+-------++-------
Melee: War axe           |    75 |   155 |   351 |   241 ||   822
       Broad axe         |       |       |       |    97 ||    97
Throw: Throwing net      |       |       |       |     2 ||     2
Invok: Heroism           |       |       |       |     3 ||     3
 Abil: Hop               |       |     2 |     1 |     3 ||     6
Evoke: Wand              |       |       |     2 |    15 ||    17
  Use: Scroll            |       |     8 |     2 |     6 ||    16
       Potion            |       |     1 |       |     7 ||     8
 Stab: Invisible         |       |       |       |     9 ||     9
       Held in net/web   |       |       |       |     1 ||     1
Armor: Scale mail        |    31 |     9 |       |       ||    40
       Plate armour      |       |   142 |   236 |   175 ||   553
Dodge: Dodged            |    47 |    66 |   110 |   137 ||   360
Block: Buckler           |    20 |    51 |    77 |    80 ||   228

Table legend: (Time is in decaauts)
 A = Elapsed time spent in this place.
 B = Non-inter-level travel time spent in this place.
 C = Inter-level travel time spent in this place.
 D = Time resting spent in this place.
 E = Time spent auto-exploring this place.
 F = Levels seen in this place.
 G = Mean time per level.
                   A        B        C        D        E       F      G
               +--------+--------+--------+--------+--------+-----+--------+
         Total |  10322 |   9888 |    434 |    522 |   6877 |  13 |  794.0 |
       Dungeon |   9508 |   9074 |    434 |    442 |   6477 |  10 |  950.8 |
        Temple |     72 |     72 |      0 |      0 |     26 |   1 |   72.0 |
         Sewer |    191 |    191 |      0 |     49 |     90 |   1 |  191.0 |
        Bailey |    549 |    549 |      0 |     31 |    283 |   1 |  549.0 |
               +--------+--------+--------+--------+--------+-----+--------+

Top non-repeatable levels by time:
     D:4: 1363 daAuts
     D:8: 1247 daAuts
     D:5: 1241 daAuts
     D:9: 1086 daAuts
     D:7: 989 daAuts
     D:2: 964 daAuts
     D:3: 802 daAuts
     D:1: 716 daAuts
     D:6: 709 daAuts
  Bailey: 549 daAuts
    D:10: 385 daAuts
   Sewer: 191 daAuts
  Temple: 72 daAuts
